 Dungeon Crawl Stone Soup version 0.17.2-1-ge4368a0 (webtiles) character file.

8178 magipi the Cruncher (level 11, 0/84 HPs)
             Began as a Mummy Gladiator on May 26, 2017.
             Was an Initiate of Gozag.
             Slain by pedritolo's ghost (21 damage)
             ... on level 10 of the Dungeon.
             The game lasted 00:48:10 (13609 turns).

magipi the Cruncher (Mummy Gladiator)              Turns: 13609, Time: 00:48:10

Health: 0/84       AC: 11    Str: 22    XL:     11   Next: 6%
Magic:  16/16      EV:  8    Int:  8    God:    Gozag
Gold:   1002       SH:  0    Dex: 14    Spells: 0 memorised, 10 levels left

rFire  . . .     SeeInvis .     a - +2 quarterstaff (speed)
rCold  + . .     Clarity  .     x - +0 chain mail
rNeg   + + +     SustAt   .     (shield currently unavailable)
rPois  ∞         Gourm    .     c - +1 helmet
rElec  .         Spirit   .     w - +0 cloak
rCorr  .         Warding  .     (no gloves)
rMut   .         Stasis   .     (no boots)
MR     +....                    (no amulet)
Stlth  ..........               n - +2 ring of strength
                                f - ring of protection from fire

@: somewhat resistant to hostile enchantments, extremely unstealthy
A: no food or potions, fire vulnerability, cold resistance 1, negative energy
resistance 3, torment resistance, unbreathing
a: Potion Petition, Call Merchant, Bribe Branch, Renounce Religion


You were on level 10 of the Dungeon.
You worshipped Gozag.
Gozag was noncommittal.
You were not hungry.

You visited 2 branches of the dungeon, and saw 12 of its levels.

You collected 1451 gold pieces.
You paid 449 gold pieces to Gozag.

Inventory:

Hand Weapons
 a - a +2 quarterstaff of speed (weapon)
   (You took it off Joseph on level 7 of the Dungeon)
 b - a +0 quarterstaff
Missiles
 d - a throwing net
 i - 5 javelins (quivered)
Armour
 c - a +1 helmet (worn)
 w - a +0 cloak (worn)
   (You took it off Crazy Yiuf on level 2 of the Dungeon)
 x - a +0 chain mail (worn)
   (You took it off an orc on level 8 of the Dungeon)
Jewellery
 f - a ring of protection from fire (left hand)
   (You found it on level 4 of the Dungeon)
 g - an uncursed ring of stealth
   (You took it off a hobgoblin on level 1 of the Dungeon)
 n - a +2 ring of strength (right hand)
   (You found it on level 5 of the Dungeon)
 t - an uncursed ring of teleportation
   (You found it on level 4 of the Dungeon)
Wands
 h - a wand of random effects (27)
   (You found it on level 7 of the Dungeon)
 k - a wand of frost (13)
   (You found it on level 8 of the Dungeon)
 r - a wand of paralysis (8)
   (You found it on level 5 of the Dungeon)
 v - a wand of frost (14)
   (You took it off Crazy Yiuf on level 2 of the Dungeon)
Scrolls
 e - a scroll of teleportation
 j - 5 scrolls of identify
 o - a scroll of noise
 p - a scroll of enchant weapon
 q - a scroll of blinking
 u - 2 scrolls of magic mapping
Books
 l - a book of Ice
   (You found it on level 2 of the Dungeon)

   Spells                             Type                      Level
   a - Ice Form                       Ice/Transmutation            4
   b - Metabolic Englaciation         Hexes/Ice                    5
   c - Ozocubu's Refrigeration        Ice                          6
   d - Bolt of Cold                   Conjuration/Ice              6
   e - Freezing Cloud                 Conjuration/Ice/Air          6
   f - Simulacrum                     Ice/Necromancy               6
 s - a book of Clouds
   (You found it on level 7 of the Dungeon)

   Spells                             Type                      Level
   a - Mephitic Cloud                 Conjuration/Poison/Air       3
   b - Conjure Flame                  Conjuration/Fire             3
   c - Poisonous Cloud                Conjuration/Poison/Air       6
   d - Freezing Cloud                 Conjuration/Ice/Air          6
   e - Ring of Flames                 Charms/Fire                  7


   Skills:
 - Level 7.1 Fighting
 - Level 10.1 Staves
 + Level 5.6 Throwing
 + Level 0.2 Armour
 + Level 2.5 Dodging
 - Level 7.0 Evocations


You had 10 spell levels left.
You didn't know any spells.

Dungeon Overview and Level Annotations

Branches:
Dungeon (11/15)            Temple (1/1) D:7            Lair (0/8) D:8
    Orc: D:9-12

Altars:
Ashenzari
Cheibriados
Dithmenos
Elyvilon
Fedhas
Gozag
Kikubaaqudgha
Makhleb
Nemelex Xobeh
Okawaru
Qazlal
Ru
Sif Muna
Trog
Vehumet
Xom
Yredelemnul
Zin
The Shining One

Shops:
D:10 :

Annotations:
D:3 Grinder
D:9 pedritolo's ghost, novice TrGl
D:10 Maud; pedritolo's ghost, novice TrGl


Innate Abilities, Weirdness & Mutations

You do not eat or drink.
Your flesh is vulnerable to fire.
You are immune to poison.
Your flesh is cold resistant.
You are immune to negative energy.
You are immune to unholy pain and torment.
You can survive without breathing.


Message History

You now have 968 gold pieces (gained 10).
Maud the Forgotten comes into view.
She is wielding a war axe of chopping.
Evoke which item? (* to show all) (? for menu, Esc to quit)
Zapping:
r - a wand of paralysis (8)
Press: ? - help, Shift-Dir - straight line, f - Maud
Aim: Maud, wielding a war axe of chopping and wearing a plate armour (hasn't noticed you, chance to defeat MR: 14%)
Okay, then.
Unknown command.
Read which item? (? for menu, Esc to quit)
Okay, then.
Unknown command.
Maud shouts!
You see here 2 arrows.
You see here an arrow.
Press: ? - help, v - describe, . - travel
Here: Maud, wielding a war axe of chopping and wearing a plate armour The floor.
Unknown command.
Things that are here:
an uncursed shortbow; 20 arrows; a robe You see here a slice of pizza.
The yak bellows!
Found Zuxa Fufep's Book Boutique.
A yak comes into view.
The yak bellows!
A yak comes into view.
A yak comes into view.
The yak bellows!
A yak comes into view.
The hill giant shouts!
The yak barely misses you.
The yak bellows!
The yak completely misses you. The yak barely misses you.
There is a stone staircase leading up here.
The yak gores you.
You climb upwards.
Level annotation: pedritolo's ghost, novice TrGl
There is a stone staircase leading down here.
You completely miss the yak.
Pedritolo's ghost turns its malevolent gaze towards you.
You sock the yak!
The yak is moderately wounded.
The yak barely misses you.
You hit the yak.
The yak is heavily wounded.
You hit the yak.
The yak is heavily wounded.
The yak gores you but does no damage.
You sock the yak!
The yak is almost dead.
You sock the yak!
You kill the yak!
Pedritolo's ghost whispers, "Meet the emptiness of death!"
There is a stone staircase leading down here.
You climb downwards.
Level annotation: Maud; pedritolo's ghost, novice TrGl
There is a stone staircase leading up here.
You see here a slice of pizza.
Found a stone staircase leading down.
There is an entrance to Zuxa Fufep's Book Boutique here.
There is an entrance to Zuxa Fufep's Book Boutique here.
Found a stone staircase leading down.
Found a scroll of random uselessness.
Found 16 gold pieces.
Found 18 gold pieces.
You now have 984 gold pieces (gained 16).
You now have 1002 gold pieces (gained 18).
The yak bellows!
Found 26 gold pieces and a falchion.
The yak bellows!
Found a stone staircase leading down.
Pedritolo's ghost turns its malevolent gaze towards you.
The yak gores you! The yak gores you. The yak gores you.
The yak snorts and paws the ground.
Pedritolo's ghost hits you!!
There is a stone staircase leading down here.
Pedritolo's ghost hits you!
You climb downwards.
A sky beast, 5 orcs, a crimson imp and a zombie come into view.
The orc wizard shouts!
The orc shouts!
The orc shouts!
The orc priest shouts!
The orc wizard shouts!
Found 5 poisoned needles and a robe.
There is a stone staircase leading up here.
The sky beast flickers out of sight!
Deactivating autopickup; reactivate with Ctrl-A.
Something hits you. Something shocks you.
The orc priest miscasts a cantrip.
You climb upwards.
Level annotation: Maud; pedritolo's ghost, novice TrGl Pedritolo's ghost hits you!
* * * LOW HITPOINT WARNING * * *
There is a stone staircase leading down here.
You thump something! The yak gores you but does no damage.
Unknown command.
You hit something. Pedritolo's ghost hits you!!
You die...
Your body crumbles into a pile of gold.

##### #### ..... ...... .........
....# ..... ........ ....# #...#
#.... .. ....# #...# #...# ....#
#...# #...# ....######## #...#
#...####
...........#####.W.#######.......
..........Y.Y.YY@................
....##################...####....
....# #...# #.... ....# #Y..#
#...# ...Y# #Y..####...# ....#
#.Y........#
...Y##################...........
......YYY.Y......................
..#######...######.########..####


You could see 4 yaks and pedritolo's ghost.

Vanquished Creatures
  A centaur warrior (D:10)
  A hill giant (D:10)
  Joseph (D:7)
  2 centaur zombies (D:10)
  A fire drake (D:8)
  A two-headed ogre (D:9)
  Sigmund (D:5)
  A deep elf mage (D:9)
  2 yaks
  A hippogriff (D:7)
  A basilisk (D:7)
  A hungry ghost (D:8)
  Duvessa (D:7)
  An eye of draining (D:10)
  A water moccasin (D:9)
  3 phantoms
  3 ice beasts
  6 sky beasts
  5 centaurs
  4 ogres
  4 giant frogs
  2 big kobolds (D:9)
  2 scorpions
  5 killer bees (D:9)
  8 crimson imps
  5 jellies
  2 iguanas
  Crazy Yiuf (D:2)
  2 giant frog skeletons
  5 orc priests
  2 centaur skeletons
  5 hounds
  4 worker ants
  9 orc wizards
  5 adders
  5 gnolls
  2 adder zombies
  7 oozes
  4 adder skeletons
  A worm (D:2)
  5 giant geckos
  40 orcs
  2 ball pythons (D:1)
  5 giant cockroaches
  8 goblins
  7 hobgoblins
  12 jackals
  4 quokkas
  14 bats
  A giant gecko skeleton (D:4)
  6 giant newts
  A jackal skeleton (D:5)
  19 kobolds
  A quokka zombie (D:6)
  6 rats
249 creatures vanquished.

Vanquished Creatures (others)
  A giant frog (D:7)
  Dowan (D:7)
  An adder skeleton (D:7)
3 creatures vanquished.

Grand Total: 252 creatures vanquished

Notes
Turn   | Place    | Note
--------------------------------------------------------------
     0 | D:1      | magipi the Mummy Gladiator began the quest for the Orb.
     0 | D:1      | Reached XP level 1. HP: 16/16 MP: 1/1
    71 | D:1      | Reached XP level 2. HP: 12/22 MP: 2/2
   257 | D:1      | Reached skill level 3 in Staves
   545 | D:1      | Reached XP level 3. HP: 27/27 MP: 3/3
  1410 | D:2      | Reached skill level 4 in Staves
  1543 | D:2      | Reached XP level 4. HP: 17/33 MP: 4/4
  1862 | D:2      | Found a basalt altar of Yredelemnul.
  1960 | D:2      | Noticed Crazy Yiuf
  2416 | D:3      | You fall through a shaft for 2 floors!
  2416 | D:5      | Entered Level 5 of the Dungeon
  2427 | D:5      | Found a sparkling altar of Nemelex Xobeh.
  2430 | D:5      | Found a deep blue altar of Sif Muna.
  2444 | D:5      | Found a shimmering altar of Xom.
  2447 | D:5      | Found a glowing golden altar of the Shining One.
  2687 | D:4      | Reached XP level 5. HP: 31/38 MP: 5/5
  3028 | D:4      | Reached skill level 5 in Staves
  3954 | D:3      | Reached XP level 6. HP: 44/44 MP: 6/6
  4130 | D:3      | Noticed Grinder
  4132 | D:3      | Paralysed by Grinder for 3 turns
  4206 | D:5      | Found a white marble altar of Elyvilon.
  4288 | D:5      | Noticed Sigmund
  4412 | D:5      | Reached skill level 6 in Staves
  4444 | D:5      | Killed Sigmund
  4444 | D:5      | Reached XP level 7. HP: 47/50 MP: 7/7
  4480 | D:5      | Noticed a centaur
  4505 | D:5      | Killed a centaur
  5027 | D:6      | Reached skill level 7 in Staves
  5098 | D:6      | Reached skill level 1 in Evocations
  5888 | D:6      | Reached XP level 8. HP: 40/56 MP: 8/10
  6462 | D:7      | Reached skill level 8 in Staves
  6520 | D:7      | Noticed Duvessa
  6520 | D:7      | Noticed Dowan
  7149 | D:7      | Noticed Joseph
  7168 | D:7      | Killed Joseph
  7398 | D:7      | Reached skill level 5 in Evocations
  7398 | D:7      | Reached XP level 9. HP: 6/61 MP: 12/12
  7723 | D:7      | Reached skill level 9 in Staves
  8446 | D:7      | Found a staircase to the Ecumenical Temple.
  8455 | Temple   | Entered the Ecumenical Temple
  8554 | Temple   | Became a worshipper of Gozag Ym Sagoz the Greedy
  8903 | D:7      | Killed Dowan
  9103 | D:2      | Killed Crazy Yiuf
  9414 | D:7      | Killed Duvessa
  9586 | D:8      | Found a staircase to the Lair.
  9587 | D:8      | Noticed a fire drake
  9606 | D:8      | Killed a fire drake
 10012 | D:8      | Reached skill level 10 in Staves
 10886 | D:8      | Reached XP level 10. HP: 63/67 MP: 15/15
 11205 | D:9      | Found a shattered altar of Ashenzari.
 11270 | D:9      | Found a snail-covered altar of Cheibriados.
 11401 | D:9      | Noticed pedritolo's ghost (novice TrGl)
 11416 | D:10     | Entered Level 10 of the Dungeon
 11558 | D:10     | Noticed pedritolo's ghost (novice TrGl)
 12235 | D:9      | Reached skill level 5 in Fighting
 12296 | D:9      | Found a deep blue altar of Sif Muna.
 12763 | D:10     | Noticed a hill giant
 12867 | D:10     | Found a shimmering altar of Xom.
 13023 | D:10     | Noticed a centaur warrior
 13055 | D:10     | Killed a centaur warrior
 13055 | D:10     | Reached skill level 5 in Throwing
 13328 | D:10     | Noticed a hill giant
 13345 | D:10     | Killed a hill giant
 13345 | D:10     | Reached XP level 11. HP: 81/84 MP: 16/16
 13394 | D:10     | Noticed Maud
 13448 | D:10     | Found Zuxa Fufep's Book Boutique.
 13609 | D:10     | Slain by pedritolo's ghost

Action                   |  1- 3 |  4- 6 |  7- 9 | 10-12 || total
-------------------------+-------+-------+-------+-------++-------
Melee: Quarterstaff      |   147 |   189 |   527 |   356 ||  1219
Throw: Throwing net      |       |       |     4 |       ||     4
Invok: Potion Petition   |       |       |       |     2 ||     2
Evoke: Wand              |       |     1 |     4 |     3 ||     8
  Use: Scroll            |       |    12 |     6 |     3 ||    21
 Stab: Sleeping          |     1 |     5 |       |       ||     6
       Paralysed         |       |     5 |    17 |    10 ||    32
       Held in net/web   |       |       |     1 |       ||     1
       Distracted        |       |       |       |     2 ||     2
